 Dungeon Crawl Stone Soup version 0.31-a0-222-gefeffbb62a (webtiles) character file.

Game seed: 7611706522368843457

47 qw the Chopper (level 3, -2/23 HPs)
             Began as a Gargoyle Fighter on July 4, 2023.
             Slain by Sigmund
             ... wielding a +0 scythe
              (10 damage)
             ... on level 3 of the Dungeon.
             The game lasted 00:00:43 (1564 turns).

qw the Chopper (Gargoyle Fighter)                   Turns: 1564, Time: 00:00:43

Health: -2/23      AC:  0    Str: 21    XL:     3   Next: 70%
Magic:  3/3        EV: 13    Int:  8    God:
Gold:   153        SH:  0    Dex:  9    Spells: 2/2 levels left

rFire   . . .        Y - melded +1 war axe
rCold   . . .        c - melded +0 buckler
rNeg    + . .        g - melded +0 chain mail
rPois   inf          (helmet currently unavailable)
rElec   .            (cloak currently unavailable)
rCorr   .            (gloves currently unavailable)
SInv    .            (boots currently unavailable)
Will    .....        (no amulet)
Stlth   +            (ring currently unavailable)
HPRegen 0.23/turn    (ring currently unavailable)
MPRegen 0.08/turn

%: no passive effects
@: about to teleport, pig-form, very quick
A: fast, no casting, sickness immunity, AC +3, small, negative energy resistance
1, (electricity resistance), torment resistance 1, petrification resistance
a: no special abilities


You were on level 3 of the Dungeon.
You were a filthy swine.
You visited 1 branch of the dungeon, and saw 3 of its levels.

You collected 197 gold pieces.
You spent 44 gold pieces at shops.


Innate Abilities, Weirdness & Mutations

You are a filthy swine.
You move quickly.
Your equipment is almost entirely melded.
You are incapable of wielding weapons or throwing items.
You cannot cast spells.
You are immune to sickness and miasma.
((Your stone body is resilient. (AC +3)))
You are immune to poison.
You resist negative energy. (rN+)
((You are resistant to electric shocks. (rElec)))
You are resistant to unholy torment.
You are immune to petrification.


   Skills:
 - Level 3.2 Fighting
 + Level 3.6 Axes
 - Level 3.2 Armour
 - Level 3.2 Shields


You had 2 spell levels left.
You didn't know any spells.
Your spell library was empty.

Inventory:

Hand Weapons
 j - a +0 whip
 Y - a +1 war axe (melded)
Missiles
 a - 5 silver boomerangs (quivered)
Armour
 c - a +0 buckler (melded)
 g - a +0 chain mail (melded)
Scrolls
 e - a scroll of vulnerability {unknown}
Potions
 b - a potion of curing {unknown}
 d - 2 potions of might
 f - a potion of brilliance {unknown}
 h - a potion of cancellation {unknown}
 k - a potion of enlightenment {unknown}
 m - a potion of berserk rage {unknown}

Dungeon Overview and Level Annotations

Branches:
Dungeon (3/15)

Altars:
Cheibriados

Shops:
D:2 !

Annotations:
D:3 Sigmund


Message History

Enter note: You hear the rusting of a very distant drain.
You open the door.
There is an open door here.
Sigmund the Dreaded comes into view.
He is wielding a +0 scythe and carrying a wand of polymorph (8).
Sigmund shouts!
Sigmund casts a spell at you.
You are confused.
Enter note:
Enter note:
Enter note:
Enter note: Sigmund zaps a wand.
You resist with significant effort.
You feel less confused.
Sigmund says, "Your kind have come here before.
I understand now why.
You desire death..."
Sigmund hits you from afar with a +0 scythe!
Enter note:
Enter note:
Enter note:
Enter note: You completely miss Sigmund.
Sigmund hits you with a +0 scythe!
You hit Sigmund.
Sigmund is lightly wounded.
Sigmund gestures at you while chanting. The magic dart hits you.
You closely miss Sigmund.
Sigmund is lightly wounded.
Sigmund hits you but does no damage.
You closely miss Sigmund.
Sigmund is lightly wounded.
Sigmund zaps a wand.
You resist with significant effort.
Sigmund zaps a wand.
You turn into a filthy swine.
Your +1 war axe melds into your body.
Your +0 buckler melds into your body.
Your +0 chain mail melds into your body.
1564 ||| READING scroll of teleportation.
As you read the scroll of teleportation, it crumbles to dust.
You feel strangely unstable. Sigmund hits you with a +0 scythe!
You die...

.....#...........................
.....#####.......................
.....#........######.............
..............# #............#
............### ####+#.......#
............# ##### #........
............#####....#...........
............##.......#...........
.............'..h....#...........
.....#.....###...@...#...........
...........##....................
...........##............######..
...........##........... +..
...........##........... #..
...##......#####+##..... ###
##.##......# ..... .#..######## .


You could see Sigmund.

Vanquished Creatures
  An adder (D:2)
  3 dart slugs
  An orc (D:3)
  An endoplasm (D:2)
  3 goblins (D:1)
  2 hobgoblins
  6 kobolds
  3 quokkas
  7 ball pythons
  A bat (D:3)
  A frilled lizard (D:1)
  A rat (D:1)
30 creatures vanquished.

Notes
Turn   | Place    | Note
-------+----------+-------------------------------------------
     0 | D:1      | qw the Gargoyle Fighter began the quest for the Orb.
     0 | D:1      | Reached XP level 1. HP: 14/14 MP: 1/1
     0 | D:1      | 0 ||| qw: Version: 0.3-a-46-gb1f654a
     0 | D:1      | 0 ||| qw: Game counter: 877
     0 | D:1      | 0 ||| qw: Melee chars always use a shield: true
     0 | D:1      | 0 ||| qw: God list: Okawaru
     0 | D:1      | 0 ||| qw: Allow faded altars: false
     0 | D:1      | 0 ||| qw: Do Orc after clearing Dungeon:15 true
     0 | D:1      | 0 ||| qw: Do second Lair branch before Depths: true
     0 | D:1      | 0 ||| qw: Lair rune preference: random
     0 | D:1      | 0 ||| qw: Goals: Normal, Zot:1-4, Slime:5, God:TSO, Crypt,
                  | Tomb, Abyss, Pan, Hells, Win
     0 | D:1      | 0 ||| PLANNING D:1-11
   122 | D:1      | 122 ||| Stepping ~*~*~tactically~*~*~ (hiding).
   124 | D:1      | 124 ||| Stepping ~*~*~tactically~*~*~ (hiding).
   126 | D:1      | 126 ||| Stepping ~*~*~tactically~*~*~ (hiding).
   269 | D:1      | 269 ||| Stepping ~*~*~tactically~*~*~ (stealth).
   271 | D:1      | 271 ||| Stepping ~*~*~tactically~*~*~ (stealth).
   278 | D:1      | Reached XP level 2. HP: 19/19 MP: 2/2
   293 | D:1      | 293 ||| FLEEEEING.
   296 | D:1      | 296 ||| FLEEEEING.
   441 | D:1      | 441 ||| Stepping ~*~*~tactically~*~*~ (hiding).
   584 | D:1      | 584 ||| UPGRADING to +0 chain mail.
   594 | D:1      | 594 ||| DROPPING +0 scale mail.
   626 | D:2      | 626 ||| Stepping ~*~*~tactically~*~*~ (hiding).
   812 | D:2      | Reached skill level 3 in Axes
   813 | D:2      | Found Xoisk's Distillery.
   837 | D:2      | Reached XP level 3. HP: 22/23 MP: 3/3
   901 | D:2      | 901 ||| SHOPLISTING potion of haste (110 gold, have 52).
   901 | D:2      | 901 ||| SHOPLISTING potion of heal wounds (55 gold, have
                  | 52).
   901 | D:2      | 901 ||| SHOPLISTING potion of magic (88 gold, have 52).
   901 | D:2      | 901 ||| BUYING potion of might (44 gold).
   901 | D:2      | Bought a potion of might for 44 gold pieces
  1099 | D:2      | Found a faded altar of an unknown god.
  1176 | D:2      | 1176 ||| READING scroll labelled WIOCRA PUEDUWK.
  1179 | D:2      | 1179 ||| READING scroll labelled AKLO CEGIZIMP.
  1280 | D:2      | 1280 ||| READING scroll labelled HENAKALLOC.
  1281 | D:2      | 1281 ||| READING scroll labelled BAOMACR SOXKOR.
  1287 | D:3      | Found a snail-covered altar of Cheibriados.
  1288 | D:3      | 1288 ||| PLANNING SEWER
  1489 | D:3      | 1489 ||| Stepping ~*~*~tactically~*~*~ (stealth).
  1490 | D:3      | 1490 ||| Stepping ~*~*~tactically~*~*~ (stealth).
  1507 | D:3      | 1507 ||| DROPPING +0 club.
  1552 | D:3      | Noticed Sigmund
  1564 | D:3      | 1564 ||| READING scroll of teleportation.
  1564 | D:3      | Slain by Sigmund

Levels and vault maps discovered:
D:1:      minmay_arrival_four_houses, layout_rooms, kennysheep_nondescript
D:2:      layout_rooms, shapermc_ecumenical_altar_acropolis, serial_shops,
          nicolae_shop_peninsula
D:3:      layout_basic, amcnicky_altar_gilded, mainiacjoe_overflow_catwalk,
          serial_shops, shop, portal_sewer_entry_f,
          chequers_serial_rivers_small_b, feat_on_display, uniq_sigmund

Skill      XL: |  1  2 |
---------------+-------+-----
Axes           | 2 3 |  3.6
Fighting       | |  3.2
Armour         | |  3.2
Shields        | |  3.2

Action                     || total
---------------------------++-------
  Melee: War axe           ||    85
  Throw: Boomerang         ||    13
    Use: Scroll            ||     5
 Armour: Scale mail        ||    11
         Chain mail        ||    39
  Dodge: Dodged            ||    37
  Block: Buckler           ||    16

Table legend:
 A = Non-vault XP
 B = Vault XP
 C = Vault XP percentage of total XP
 D = Non-vault monster count
 E = Vault monster count
 F = Vault count percentage of total count
                 A         B        C        D         E       F
            +---------+---------+-------+---------+---------+-------
      Total |      68 |       0 |   0.0 |      30 |       0 |   0.0
            +---------+---------+-------+---------+---------+-------
        D:1 |      25 |       0 |   0.0 |      12 |       0 |   0.0
        D:2 |      32 |       0 |   0.0 |      10 |       0 |   0.0
        D:3 |      11 |       0 |   0.0 |       8 |       0 |   0.0
            +---------+---------+-------+---------+---------+-------
